 Dungeon Crawl Stone Soup version 0.18.1-5-g4a78601 (webtiles) character file.

5000 Quirk the Fighter (level 10, -4/84 HPs)
             Began as a Demonspawn Gladiator on May 13, 2016.
             Was a Believer of Ashenzari.
             Slain by PossumBlood's ghost (13 damage)
             ... on level 9 of the Dungeon.
             The game lasted 00:20:58 (9013 turns).

Quirk the Fighter (Demonspawn Gladiator)            Turns: 9013, Time: 00:20:59

Health: -4/84      AC: 10    Str: 17    XL:     10   Next: 29%
Magic:  10/10      EV: 15    Int: 10    God:    Ashenzari [**....]
Gold:   479        SH:  3    Dex: 15    Spells: 0 memorised, 9 levels left

rFire  . . .     SeeInvis .     a - +0 long sword
rCold  . . .     Gourm    .     b - +0 leather armour
rNeg   . . .     Faith    .     l - +0 buckler (curse)
rPois  +         Spirit   .     S - +2 helmet
rElec  .         Dismiss  .     X - +0 cloak
rCorr  .         Reflect  .     (no gloves)
SustAt .         Harm     .     k - +0 pair of boots
MR     .....                    F - amulet of regeneration (curse)
Stlth  +.........               (no ring)
                                M - ring of poison resistance (curse)

@: not resistant to hostile enchantments, very unstealthy
A: claws 1, rugged brown scales 1, demonic guardian 1, spiny 2
a: Curse Item, Scrying, Renounce Religion


You were on level 9 of the Dungeon.
You worshipped Ashenzari.
Ashenzari was pleased with you.
You were not hungry.

You visited 2 branches of the dungeon, and saw 10 of its levels.

You collected 479 gold pieces.

Inventory:

Hand Weapons
 a - a +0 long sword (weapon)
 n - a +1 flail of protection
 q - a +0 whip of pain
 P - a cursed +0 long sword
Missiles
 d - 3 throwing nets (quivered)
Armour
 b - a +0 leather armour (worn)
 k - a +0 pair of boots (worn)
 l - a cursed +0 buckler (worn)
 v - a +0 buckler
 S - a +2 helmet (worn)
 X - a +0 cloak (worn)
Jewellery
 F - a cursed amulet of regeneration (around neck)
 M - a cursed ring of poison resistance (left claw)
Wands
 A - a wand of random effects (14/48)
 B - a wand of slowing (6/48)
 G - a wand of random effects (25/48)
 I - a wand of hasting (3/9)
 K - a wand of iceblast (9/15)
 L - a wand of paralysis (13/24)
 R - a wand of lightning (3/15)
Scrolls
 c - 2 scrolls of amnesia {unknown}
 h - 2 scrolls of enchant armour {unknown}
 o - 12 scrolls of identify {unknown}
 p - 2 scrolls of teleportation {unknown}
 r - 4 scrolls of recharging {unknown}
 u - 3 scrolls of remove curse
 y - 2 scrolls of noise {unknown}
 z - 2 scrolls of fear {unknown}
 E - 2 scrolls of blinking {unknown}
 J - a scroll of fog {unknown}
 O - a scroll of random uselessness {unknown}
 T - 2 scrolls of acquirement {unknown}
Potions
 e - 5 potions of curing
 g - 2 potions of magic {unknown}
 i - 3 potions of might {unknown}
 m - 3 potions of heal wounds {unknown}
 s - a potion of flight {unknown}
 t - a potion of cure mutation {unknown}
 x - a potion of degeneration {unknown}
 C - 3 potions of ambrosia {unknown}
 D - 2 potions of resistance {unknown}
 Q - a potion of haste {unknown}
Books
 N - a book of Flames

   Spells                             Type                      Level
   a - Flame Tongue                   Conjuration/Fire             1
   b - Throw Flame                    Conjuration/Fire             2
   c - Conjure Flame                  Conjuration/Fire             3
   d - Inner Flame                    Hexes/Fire                   3
   e - Sticky Flame                   Conjuration/Fire             4
   f - Fireball                       Conjuration/Fire             5
 W - a book of Battle

   Spells                             Type                      Level
   a - Infusion                       Charms                       1
   b - Shroud of Golubria             Charms/Translocation         2
   c - Song of Slaying                Charms                       2
   d - Spectral Weapon                Hexes/Charms                 3
   e - Regeneration                   Charms/Necromancy            3
Comestibles
 f - 6 bread rations
 j - 4 meat rations
 w - 3 beef jerkies
 H - 15 fruits
 U - 9 royal jellies
 V - 5 chunks of flesh


   Skills:
 * Level 8.6 Fighting
 + Level 5.6 Long Blades
 + Level 5.7 Throwing
 + Level 5.2 Armour
 * Level 7.8 Dodging


You had 9 spell levels left.
You didn't know any spells.

Dungeon Overview and Level Annotations

Branches:
Dungeon (9/15)             Temple (1/1) D:4             Orc (0/2) D:9
   Lair: D:8-11

Altars:
Ashenzari
Cheibriados
Dithmenos
Elyvilon
Fedhas
Gozag
Kikubaaqudgha
Makhleb
Nemelex Xobeh
Okawaru
Pakellas
Qazlal
Ru
Sif Muna
Trog
Vehumet
Xom
Yredelemnul
Zin
The Shining One
Beogh

Shops:
D:5 =   D:6 (

Annotations:
D:6 1 runed door
D:9 PossumBlood's ghost, novice FoFi


Innate Abilities, Weirdness & Mutations

You have sharp fingernails.
You are partially covered in rugged brown scales (AC +1, +3% HP).
A weak demonic guardian rushes to your aid.
You are mostly covered in sharp spines.


Message History

Your crimson imp blinks!
Your leather armour prevents you from hitting PossumBlood's ghost.
PossumBlood's ghost is moderately damaged.
PossumBlood's ghost hits you!
* * * LOW HITPOINT WARNING * * *
Your quasit barely misses PossumBlood's ghost.
Your quasit claws PossumBlood's ghost but does no damage. x2
You swap places.
PossumBlood's ghost hits you!
* * * LOW HITPOINT WARNING * * *
Your quasit bites PossumBlood's ghost but does no damage.
Your quasit claws PossumBlood's ghost but does no damage.
Your quasit completely misses PossumBlood's ghost.
Your quasit bites PossumBlood's ghost but does no damage.
Your quasit claws PossumBlood's ghost but does no damage. x2
Your crimson imp closely misses PossumBlood's ghost.
Your quasit bites PossumBlood's ghost.
Your quasit claws PossumBlood's ghost but does no damage. x2
Your crimson imp blinks!
PossumBlood's ghost hits you!
You die...

........#
#........####.........
........# ####'#####
#......... ######'##
##.. #......... #...#
#..# ######.### ##.###
####'##### #..# ###..#
###........# ###'###
#...## #.'........#
###..†..# #.### ,
#.5....5.######.'.....#
....#,,
*#....5W@.'......#.....#
....# *
#.%§.....########.....#
....#. #.<......#
#.....# ......#
#........# #.....#
....### #......(.#
####### ##### #........#
##########


You could see PossumBlood's ghost, 2 friendly quasits and a friendly crimson
imp.

Vanquished Creatures
  A centaur warrior (D:9)
  Grinder (D:3)
  2 hungry ghosts
  A hippogriff (D:9)
  2 soldier ants (D:9)
  A giant eyeball (D:9)
  4 orc warriors
  3 black bears
  2 sky beasts (D:9)
  A wasp (D:9)
  2 phantoms
  3 ogres
  2 centaurs
  5 giant frogs
  A water moccasin zombie (D:8)
  3 scorpions
  8 wights
  2 howler monkeys
  A crimson imp (D:9)
  2 centaur zombies
  3 hounds
  4 jellies
  7 orc priests
  5 orc wizards
  2 giant frog skeletons
  Terence (D:2)
  An iguana (D:5)
  6 worker ants
  3 hound zombies
  A hound skeleton (D:7)
  A worker ant zombie (D:7)
  A howler monkey skeleton (D:9)
  6 adders
  A gnoll (D:9)
  2 shadow imps
  2 oozes (D:1)
  6 worms
  3 dart slugs
  3 giant geckos
  16 orcs
  9 bats
  5 giant cockroaches
  9 goblins
  6 hobgoblins
  5 jackals
  6 kobolds
  12 quokkas
  A giant gecko zombie (D:6)
  3 giant newts
  A jackal skeleton (D:5)
  A quokka skeleton (D:8)
  8 rats
187 creatures vanquished.

Vanquished Creatures (collateral kills)
  A giant eyeball (D:9)
  A centaur (D:5)
  A howler monkey (D:4)
  An orc priest (D:5)
  An adder (D:2)
  A worm (D:3)
  An orc (D:3)
  A hobgoblin (D:3)
  A kobold (D:3)
9 creatures vanquished.

Vanquished Creatures (others)
  5 sheep (D:3)
5 creatures vanquished.

Grand Total: 201 creatures vanquished

Notes
Turn   | Place    | Note
--------------------------------------------------------------
     0 | D:1      | Quirk the Demonspawn Gladiator began the quest for the Orb.
     0 | D:1      | Reached XP level 1. HP: 16/16 MP: 1/1
    89 | D:1      | Gained mutation: A weak demonic guardian rushes to your aid. [demonic ancestry]
    89 | D:1      | Reached XP level 2. HP: 7/22 MP: 2/2
   461 | D:1      | HP: 1/23 [rat (2)]
   469 | D:1      | Reached XP level 3. HP: 10/28 MP: 3/3
  1286 | D:1      | Reached skill level 1 in Armour
  1353 | D:2      | Noticed Terence
  1380 | D:2      | Killed Terence
  1380 | D:2      | Reached skill level 3 in Fighting
  1380 | D:2      | Gained mutation: You have sharp fingernails. [demonic ancestry]
  1380 | D:2      | Reached XP level 4. HP: 22/35 MP: 4/4
  1625 | D:2      | Found a radiant altar of Vehumet.
  2095 | D:2      | Found a bloodstained altar of Trog.
  2097 | D:2      | Found an ancient bone altar of Kikubaaqudgha.
  2098 | D:2      | Found a sacrificial altar of Ru.
  2931 | D:3      | Noticed Grinder
  2939 | D:3      | Paralysed by Grinder for 3 turns
  2983 | D:3      | Killed Grinder
  2983 | D:3      | Gained mutation: You are partially covered in sharp spines. [demonic ancestry]
  2983 | D:3      | Reached XP level 5. HP: 19/42 MP: 5/5
  3174 | D:3      | Reached skill level 4 in Fighting
  3174 | D:3      | Reached XP level 6. HP: 48/48 MP: 6/6
  3443 | D:3      | Found a shimmering altar of Xom.
  3540 | D:4      | Found a staircase to the Ecumenical Temple.
  3551 | Temple   | Entered the Ecumenical Temple
  3708 | Temple   | Became a worshipper of Ashenzari the Shackled
  3995 | D:4      | Found a sparkling altar of Nemelex Xobeh.
  4440 | D:4      | Found an oddly glowing altar of Pakellas.
  4630 | D:5      | Entered Level 5 of the Dungeon
  4644 | D:5      | Gained mutation: You are mostly covered in sharp spines. [demonic ancestry]
  4644 | D:5      | Reached XP level 7. HP: 34/55 MP: 7/7
  4689 | D:5      | Found a blossoming altar of Fedhas.
  4877 | D:5      | Found a snail-covered altar of Cheibriados.
  4912 | D:5      | Found Ydwy's Jewellery Boutique.
  4916 | D:5      | Reached skill level 5 in Fighting
  4936 | D:5      | Found a white marble altar of Elyvilon.
  5162 | D:5      | Reached skill level 5 in Dodging
  5439 | D:5      | Reached XP level 8. HP: 63/63 MP: 8/8
  5686 | D:6      | Found a runed door.
  5687 | D:6      | Found a glowing golden altar of the Shining One.
  5687 | D:6      | Noticed an angel
  5793 | D:6      | Reached skill level 6 in Fighting
  5889 | D:6      | Found a basalt altar of Yredelemnul.
  6208 | D:6      | Reached * piety under Ashenzari
  6329 | D:6      | Found Eliklim's Antique Weapon Boutique.
  7060 | D:7      | Gained mutation: You are partially covered in rugged brown scales (AC +1, +3% HP). [demonic ancestry]
  7060 | D:7      | Reached XP level 9. HP: 57/73 MP: 9/9
  7356 | D:8      | Reached skill level 7 in Fighting
  7958 | D:9      | Reached ** piety under Ashenzari
  8121 | D:9      | Paralysed by a giant eyeball for 4 turns
  8130 | D:9      | Paralysed by a giant eyeball for 4 turns
  8134 | D:9      | Reached skill level 5 in Long Blades
  8134 | D:9      | Reached skill level 5 in Throwing
  8403 | D:9      | Reached skill level 8 in Fighting
  8455 | D:9      | Reached XP level 10. HP: 57/82 MP: 10/10
  8676 | D:9      | Found a staircase to the Orcish Mines.
  8684 | D:9      | Found a roughly hewn altar of Beogh.
  8687 | D:9      | Reached skill level 5 in Armour
  8847 | D:9      | Noticed a centaur warrior
  8863 | D:9      | Killed a centaur warrior
  8995 | D:9      | Noticed PossumBlood's ghost (novice FoFi)
  9013 | D:9      | Slain by PossumBlood's ghost

Skill      XL: |  1  2  3  4  5  6  7  8  9 10 |
---------------+-------------------------------+-----
Dodging        | 3 4 5 6 7 |  7.8
Throwing       | 2 3 4 5 |  5.7
Armour         | 1 2 4 5 |  5.2
Fighting       | 3 4 5 6 8 |  8.6
Long Blades    | 3 4 5 |  5.6

Action                   |  1- 3 |  4- 6 |  7- 9 | 10-12 || total
-------------------------+-------+-------+-------+-------++-------
Melee: Long sword        |   123 |   165 |   262 |    64 ||   614
Invok: Curse Item        |       |       |     2 |       ||     2
  Use: Potion            |     1 |     2 |       |       ||     3
 Stab: Sleeping          |       |     2 |     1 |       ||     3
       Distracted        |       |       |     4 |       ||     4
  Eat: Chunk             |     1 |    10 |    11 |     3 ||    25
       Royal jelly       |       |       |     1 |       ||     1
       Pizza             |       |       |     1 |       ||     1
       Beef jerky        |       |       |     1 |       ||     1
Armor: Leather armour    |    41 |    46 |    64 |    13 ||   164
Dodge: Dodged            |    91 |   107 |   149 |    36 ||   383
Block: Buckler           |       |    21 |    43 |    14 ||    78
